[Event "Early-Titled-Tuesday-Blitz-April-02-2024"]
[Site "Chess.com"]
[Date "2024.04.02"]
[Round "8"]
[White "Aleksandar-Topalov"]
[Black "martinmena"]
[Result "1-0"]
[WhiteElo "2337"]
[BlackElo "2169"]
[TimeControl "180+1"]
[EndTime "9:27:39 PDT"]
[Termination "Aleksandar-Topalov won on time"]

1. b3 e5 2. Bb2 Nc6 3. e3 Nf6 4. Bb5 Bd6 5. Na3 a6 6. Bxc6 dxc6 7. Nc4 Qe7 8. Ne2 b5 9. Nxd6+ cxd6 10. O-O O-O 11. Ng3 c5 12. f4 exf4 13. Rxf4 Nd5 14.
Rf2 f6 15. a3 g6 16. Qf3 Bb7 17. e4 Nc7 18. Qg4 Rae8 19. Raf1 Bc8 20. Qh4 f5 21. Qxe7 Rxe7 22. exf5 gxf5 23. Nxf5 Bxf5 24.
Rxf5 Rxf5 25. Rxf5 Re2 26. Rg5+ Kf8 27. Bc3 Ne6 28. Rg3 Kf7 29. Rf3+ Kg6 30. Kf1 Re4 31. d3 Rf4 32. Kf2 Rxf3+ 33. Kxf3 h5 34. Ke4 Nc7 35. Ba5 d5+ 36. Ke5 Ne8 37. Kxd5 1-0

[Event "Early-Titled-Tuesday-Blitz-April-02-2024"]
[Site "Chess.com"]
[Date "2024.04.02"]
[Round "8"]
[White "Escudito"]
[Black "campochess"]
[Result "1-0"]
[WhiteElo "2376"]
[BlackElo "2175"]
[TimeControl "180+1"]
[EndTime "9:27:39 PDT"]
[Termination "Escudito won on time"]

1. d4 d5 2. Nf3 e6 3. c4 a6 4. e3 Nf6 5. Nc3 c6 6. Bd3 Nbd7 7. O-O Be7 8. Qe2 O-O 9. Rd1 b5 10. cxd5 cxd5 11. e4 dxe4 12. Nxe4 Bb7 13. Bf4 Nb6 14.
Nc5 Bxf3 15. Qxf3 Nbd5 16. Be5 Re8 17. Rac1 Bxc5 18. dxc5 Rc8 19. b4 Qe7 20. Bd6 Qa7 21. a3 a5 22. Bxb5 axb4 23. Bxe8 Rxe8 24. axb4 Nxb4 25.
Ra1 Qd7 26. Ra8 Nfd5 27. Rda1 h6 28. R8a7 1-0

[Event "Early-Titled-Tuesday-Blitz-April-02-2024"]
[Site "Chess.com"]
[Date "2024.04.02"]
[Round "8"]
[White "GOGIEFF"]
[Black "Polish_fighter3000"]
[Result "0-1"]
[WhiteElo "3016"]
[BlackElo "3150"]
[TimeControl "180+1"]
[EndTime "9:27:40 PDT"]
[Termination "Polish_fighter3000 won by resignation"]

1. c4 e6 2. Nc3 d5 3. d4 Be7 4.
cxd5 exd5 5. Bf4 c6 6. e3 Bf5 7. Nge2 Nf6 8. Ng3 Bg6 9. h4 h6 10. h5 Bh7 11. Bd3 Bd6 12. Bxh7 Bxf4 13. exf4 Nxh7 14.
Qe2+ Kf8 15. O-O-O Nf6 16. Nf5 Na6 17. g4 Nc7 18. g5 hxg5 19. fxg5 Ne4 20. Rdg1 Nxg5 21.
Nxg7 Qf6 22. Qe3 Nf3 23. Rg3 Nxd4 24. h6 Nce6 25. Rh5 Qf4 26. Kd2 Rd8 27. Re5 Qxh6 28. Nxe6+ Nxe6 29. Ne2 Qxe3+ 30. Rexe3 Rh2 31. Ref3 Nc5 32. Ke3 Re8+ 0-1

[Event "Early-Titled-Tuesday-Blitz-April-02-2024"]
[Site "Chess.com"]
[Date "2024.04.02"]
[Round "8"]
[White "Boundless_Strike"]
[Black "Tonychess32"]
[Result "0-1"]
[WhiteElo "2651"]
[BlackElo "2559"]
[TimeControl "180+1"]
[EndTime "9:27:41 PDT"]
[Termination "Tonychess32 won on time"]

1. d4 Nf6 2. f3 c5 3. d5 e6 4.
c4 exd5 5. cxd5 d6 6. Nc3 g6 7. e4 Bg7 8. Nge2 O-O 9. Ng3 a6 10. a4 Qc7 11. Be2 Nbd7 12. O-O Rb8 13. Be3 Re8 14. Qd2 b6 15. Kh1 Bb7 16. f4 c4 17. Rac1 Rbc8 18. b4 cxb3 19. Bd4 Qd8 20. Bf3 h5 21. Rfe1 h4 22. Nf1 Nc5 23. e5 dxe5 24.
fxe5 Nxd5 25. Bxc5 Rxc5 26. Nxd5 Rxd5 27. Bxd5 Qxd5 28. Qxd5 Bxd5 29. Ne3 Be6 30. Rc6 Bxe5 31. Rxb6 Bd4 32. Rb7 Rc8 33. Nf1 Rc2 34. Rb8+ Kg7 35. Rd1 Be5 36. Rb6 b2 37. Ne3 Rc1 38. Kg1 Bd4 0-1

[Event "Early-Titled-Tuesday-Blitz-April-02-2024"]
[Site "Chess.com"]
[Date "2024.04.02"]
[Round "8"]
[White "TigrVShlyape"]
[Black "DenLaz"]
[Result "1-0"]
[WhiteElo "2927"]
[BlackElo "3098"]
[TimeControl "180+1"]
[EndTime "9:27:44 PDT"]
[Termination "TigrVShlyape won by resignation"]

1. d4 Nf6 2. Bf4 d5 3. e3 c5 4. c3 Nc6 5. Nd2 Bg4 6. Qb3 Qc8 7. a4 e6 8. Ngf3 Be7 9. h3 Bh5 10. Be2 O-O 11. O-O a6 12. Qa2 Ne4 13. Rfd1 Nxd2 14.
Rxd2 c4 15. Ne5 Bxe2 16. Rxe2 Nxe5 17. Bxe5 b5 18. b4 cxb3 19. Qxb3 Qc6 20. axb5 axb5 21.
Rea2 Rxa2 22. Rxa2 Rc8 23. Ra5 Bf8 24. Rxb5 Qxc3 25. Qxc3 Rxc3 26. Rb8 Rc6 27. g4 f6 28.
Bg3 Kf7 29. Rb7+ Kg8 30. h4 Bd6 31. Kg2 Bxg3 32. Kxg3 Kf8 33. g5 fxg5 34. hxg5 Rc2 35. f3 Re2 36. Kf4 Re1 37. e4 dxe4 38. fxe4 h5 39. gxh6 gxh6 40. Ke5 h5 41. Rh7 Kg8 42. Rxh5 Kf7 43. Rh6 Re2 44. Rf6+ Ke7 45. Rxe6+ Kd7 46. d5 1-0

[Event "Early-Titled-Tuesday-Blitz-April-02-2024"]
[Site "Chess.com"]
[Date "2024.04.02"]
[Round "8"]
[White "IriBu"]
[Black "Kildepiotr"]
[Result "1/2-1/2"]
[WhiteElo "2597"]
[BlackElo "2746"]
[TimeControl "180+1"]
[EndTime "9:27:44 PDT"]
[Termination "Game drawn by repetition"]

1. e4 g6 2. d4 Bg7 3. Nc3 c6 4. Nf3 d6 5. a4 Nf6 6. h3 O-O 7. Be2 Nbd7 8. O-O e5 9. Re1 Re8 10. Bf1 Qc7 11. Bg5 b6 12. Qd2 Bb7 13. Bh6 Bh8 14. Rad1 a6 15. dxe5 Nxe5 16. Qxd6 Nxf3+ 17. gxf3 Qxd6 18. Rxd6 Nh5 19. Bc4 Re7 20. Red1 Rae8 21.
Rd8 Bc8 22. Kh2 Be5+ 23. Kg2 Nf4+ 24. Bxf4 Bxf4 25. Ne2 Bc7 26. Rxe8+ Rxe8 27. c3 b5 28. axb5 axb5 29. Bb3 c5 30. Bd5 Kg7 31. Ra1 b4 32. Ra7 Re7 33. cxb4 cxb4 34. Nd4 Bd6 35. Rxe7 Bxe7 36.
Nc6 Bc5 37. f4 f5 38. e5 Bd7 39. b3 Bxc6 40. Bxc6 Kf7 41. Kf3 Ke6 42. Bb5 h6 43.
Bc4+ Ke7 44. Kg3 Bd4 45. Kf3 g5 46. e6 Kf6 47. fxg5+ hxg5 48. Bd5 Bc5 49. Bc4 Ke5 50.
Ke2 Kf4 51. Bd5 Ke5 52. Bc4 Kf4 53.
Bd5 Ke5 54. Bc4 1/2-1/2

[Event "Early-Titled-Tuesday-Blitz-April-02-2024"]
[Site "Chess.com"]
[Date "2024.04.02"]
[Round "8"]
[White "MaxLeto"]
[Black "teresin05"]
[Result "0-1"]
[WhiteElo "2449"]
[BlackElo "2266"]
[TimeControl "180+1"]
[EndTime "9:27:44 PDT"]
[Termination "teresin05 won on time"]

1. a3 d5 2. b3 e5 3. c3 Be6 4. d3 f5 5. e3 Nf6 6. f3 Bd6 7. g3 O-O 8. h3 e4 9. f4 exd3 10. Bxd3 c5 11. Ne2 Nc6 12. Nd2 Ne4 13. Bb2 Qf6 14.
Qc2 Nxd2 15. Qxd2 c4 16. bxc4 dxc4 17. Bc2 Rad8 18. Nd4 Nxd4 19. cxd4 Bd5 20. Bc3 Bxh1 21. O-O-O Be4 22. Kb2 Be7 23. Bxe4 fxe4 24. g4 Qb6+ 25. Ka1 Qb3 26. Bb2 Bxa3 27. Bxa3 Qxa3+ 28. Kb1 c3 29. Qa2+ Qxa2+ 30. Kxa2 Rf6 31. Kb3 Rc8 32. Ra1 c2 0-1

[Event "Early-Titled-Tuesday-Blitz-April-02-2024"]
[Site "Chess.com"]
[Date "2024.04.02"]
[Round "8"]
[White "dianamirza"]
[Black "Alblooshi_Hamad"]
[Result "0-1"]
[WhiteElo "1959"]
[BlackElo "2155"]
[TimeControl "180+1"]
[EndTime "9:27:44 PDT"]
[Termination "Alblooshi_Hamad won by resignation"]

1. e4 e5 2. Nf3 Nc6 3. Bb5 a6 4.
Bxc6 dxc6 5. O-O Qd6 6. d4 f6 7. dxe5 fxe5 8. Nc3 Nf6 9. Bg5 Be7 10. Nh4 O-O 11.
Bxf6 Qxf6 12. Nf3 Bg4 13. Qd3 Rad8 14. Qe3 Bxf3 15. gxf3 Qxf3 16. Qxf3 Rxf3 17. Kg2 Rf6 18. Rad1 Rfd6 19. Rxd6 Rxd6 20. Rd1 Kf7 21. Kf3 Ke6 22. Rg1 Bf6 23. Rd1 Bg5 24. Rd3 Rxd3+ 25. cxd3 Kd6 26.
Kg4 Bc1 27. b3 Kc5 28. Ne2 Bb2 29. Kf5 Kb4 30. f4 exf4 31. Nxf4 Ka3 32. e5 Kxa2 33.
e6 Bf6 34. Nh5 Be7 35. Nxg7 Kxb3 36. Ke5 a5 37. Nf5 Bb4 38. e7 Bxe7 39. Nxe7 a4 40. Nf5 a3 41. Nd4+ Kb2 42. Ne2 a2 43. Kf4 a1=Q 44.
Ke4 Qe1 0-1

[Event "Early-Titled-Tuesday-Blitz-April-02-2024"]
[Site "Chess.com"]
[Date "2024.04.02"]
[Round "8"]
[White "ReadySkate"]
[Black "Midgardsormur"]
[Result "1-0"]
[WhiteElo "2602"]
[BlackElo "2460"]
[TimeControl "180+1"]
[EndTime "9:27:45 PDT"]
[Termination "ReadySkate won on time"]

1. d4 Nf6 2. c4 g6 3. Nc3 Bg7 4. e4 d6 5. Be2 O-O 6. Bg5 h6 7. Be3 e5 8. d5 Na6 9. Qd2 Nc5 10.
f3 c6 11. h4 Nh5 12. O-O-O Qa5 13. Kb1 f5 14. dxc6 fxe4 15. Qd5+ Kh7 16. Qxd6 Ne6 17.
cxb7 Bxb7 18. Qxe6 Rab8 19. Rd6 exf3 20. Qxg6+ Kh8 21.
Nxf3 Bxf3 22. Bxf3 Qxc3 23. Qc2 Qxe3 24. Rd3 Qb6 25.
Bxh5 e4 26. Rb3 Qf6 27. Re1 a5 28. Rxe4 a4 29. Rb5 Rxb5 30. cxb5 a3 31. Re1 axb2 32. Bf3 Rb8 33. h5 Qg5 34. b6 Qb5 35. b7 Qa5 36.
Qc8+ Qd8 37. Qxd8+ Rxd8 38. a4 Kg8 39. a5 Bc3 40. a6 1-0

[Event "Early-Titled-Tuesday-Blitz-April-02-2024"]
[Site "Chess.com"]
[Date "2024.04.02"]
[Round "8"]
[White "ChainedDowntohell"]
[Black "Saxar85"]
[Result "1-0"]
[WhiteElo "2583"]
[BlackElo "2732"]
[TimeControl "180+1"]
[EndTime "9:27:46 PDT"]
[Termination "ChainedDowntohell won on time"]

1. d4 Nf6 2. c4 e6 3. Nc3 Bb4 4. Qc2 d5 5. cxd5 exd5 6. Bf4 O-O 7. e3 c5 8. dxc5 Nc6 9. Nf3 Qa5 10. Bd3 Qxc5 11.
O-O Bxc3 12. bxc3 Re8 13. Rfd1 Bg4 14. Rab1 Qe7 15. Qb2 b6 16. c4 dxc4 17. Bxc4 Bxf3 18. gxf3 Ne5 19. Be2 Rac8 20. Kh1 Qe6 21. Qb3 Qxb3 22. axb3 h6 23. Rbc1 Rxc1 24. Rxc1 Nd5 25. Bg3 a5 26. f4 Nd7 27. Bb5 Re7 28. e4 N5f6 29. Rc7 Kf8 30. e5 1-0

[Event "Early-Titled-Tuesday-Blitz-April-02-2024"]
[Site "Chess.com"]
[Date "2024.04.02"]
[Round "8"]
[White "dodorox"]
[Black "GrotBchess"]
[Result "0-1"]
[WhiteElo "2183"]
[BlackElo "2444"]
[TimeControl "180+1"]
[EndTime "9:27:46 PDT"]
[Termination "GrotBchess won on time"]

1. d4 Nf6 2. c4 g6 3. Nc3 d5 4. Bf4 Bg7 5. e3 O-O 6. Rc1 c5 7. dxc5 Ne4 8. cxd5 Nxc3 9. bxc3 Qa5 10. Qd2 Nd7 11.
c4 Qxc5 12. Nf3 Nf6 13. Bd3 Bg4 14. O-O Bxf3 15. gxf3 Rfd8 16. e4 Nh5 17. Be3 Qd6 18. c5 Qf6 19. Be2 Qh4 20. f4 Nf6 21. f3 Nh5 22. Kh1 Bh6 23. Rg1 Bxf4 24. Bxf4 Qxf4 25.
Qxf4 Nxf4 26. Bb5 Rac8 27. Rc2 a6 28. Ba4 Nd3 29. Rd1 Nxc5 30. Rdc1 b6 31. Bc6 Rd6 32. Bb7 Rb8 33. Bc6 f6 34. Rb2 Nd3 35. Rcb1 Nxb2 36. Rxb2 b5 37. Kg2 Rb6 38. Rc2 Kg7 39.
Kf2 b4 40. Ke3 a5 41. Kd4 b3 42.
axb3 Rxb3 43. Rc3 Rxc3 44. Kxc3 Kh6 45. Kb3 Kg5 46. Ka4 Kf4 47. Kxa5 Kxf3 0-1

[Event "Early-Titled-Tuesday-Blitz-April-02-2024"]
[Site "Chess.com"]
[Date "2024.04.02"]
[Round "8"]
[White "sonicdravise"]
[Black "Mr_ruthless"]
[Result "1-0"]
[WhiteElo "2618"]
[BlackElo "2512"]
[TimeControl "180+1"]
[EndTime "9:27:47 PDT"]
[Termination "sonicdravise won by resignation"]

1. d4 Nf6 2. c4 c5 3. d5 e6 4.
Nc3 exd5 5. cxd5 d6 6. e4 g6 7. f4 Bg7 8. Bb5+ Nfd7 9. a4 Qh4+ 10. g3 Qe7 11. Nf3 O-O 12. O-O a6 13. Bd3 b6 14.
Be3 Nf6 15. Kg2 Nxe4 16. Nxe4 f5 17. Nfg5 fxe4 18. Bxe4 Ra7 19. Ne6 Kh8 20. f5 gxf5 21.
Bxf5 Rxf5 22. Rxf5 Bxe6 23. dxe6 Qxe6 24. Qf3 Nd7 25. Rf1 b5 26. Rf7 Ne5 27. Rf8+ Bxf8 28. Qxf8+ Qg8 29. Qf6+ Qg7 30. Qd8+ Qg8 31. Rf8 1-0

[Event "Early-Titled-Tuesday-Blitz-April-02-2024"]
[Site "Chess.com"]
[Date "2024.04.02"]
[Round "8"]
[White "kai_nov"]
[Black "MikeWizard"]
[Result "0-1"]
[WhiteElo "2325"]
[BlackElo "2194"]
[TimeControl "180+1"]
[EndTime "9:27:48 PDT"]
[Termination "MikeWizard won by checkmate"]

1. d4 Nf6 2. Nc3 d6 3. Bg5 Nbd7 4.
e4 e5 5. Nf3 Be7 6. Bc4 h6 7.
Bxf6 Bxf6 8. dxe5 Nxe5 9. Nxe5 Bxe5 10. O-O O-O 11. f4 Bxc3 12. bxc3 Qf6 13. Qd4 Be6 14. Qxf6 gxf6 15. Bd3 a5 16. Rab1 b6 17. Rf3 Bxa2 18. Rg3+ Kh8 19. Rf1 a4 20. f5 Rg8 21. Rh3 Kh7 22.
Rf4 Rg5 23. Rfh4 h5 24. Rxh5+ Rxh5 25. Rxh5+ Kg7 26. c4 a3 27. g4 Bb1 28. g5 a2 29. e5 dxe5 30. g6 Rh8 31. Rxh8 Kxh8 32. gxf7 Kg7 33. c5 a1=Q 34. cxb6 Qd4+ 35. Kg2 cxb6 36. h4 e4 37. h5 exd3 38. cxd3 Kxf7 39. h6 Bxd3 40. h7 Kg7 41. h8=Q+ Kxh8 42. Kh3 Qg1 43.
Kh4 Bf1 44. Kh5 Qg5# 0-1

[Event "Early-Titled-Tuesday-Blitz-April-02-2024"]
[Site "Chess.com"]
[Date "2024.04.02"]
[Round "8"]
[White "ViIIagra"]
[Black "Meri-Arabidze"]
[Result "1-0"]
[WhiteElo "2897"]
[BlackElo "2685"]
[TimeControl "180+1"]
[EndTime "9:27:50 PDT"]
[Termination "ViIIagra won by resignation"]

1. e4 c5 2. Nc3 Nc6 3. g3 g6 4. Bg2 Bg7 5. d3 d6 6. f4 e6 7. Nf3 Nge7 8. O-O O-O 9. Be3 Nd4 10. Rb1 Rb8 11. Ne2 Nec6 12. c3 Nxf3+ 13. Rxf3 b5 14. d4 cxd4 15. cxd4 d5 16. e5 b4 17. g4 a5 18. Ng3 f6 19. Rc1 Bd7 20. f5 fxe5 21.
fxe6 Be8 22. Rxf8+ Bxf8 23. dxe5 d4 24. Bf4 Qb6 25. Ne4 d3+ 26. Kh1 Nd4 27. Nf6+ Kh8 28.
Qxd3 Nxe6 29. Qh3 Qa7 30. Be3 Qe7 31. Bd5 Nc7 32. Bc5 Qg7 33. Bxf8 1-0

[Event "Early-Titled-Tuesday-Blitz-April-02-2024"]
[Site "Chess.com"]
[Date "2024.04.02"]
[Round "8"]
[White "IMchanged"]
[Black "Chessexplained"]
[Result "1-0"]
[WhiteElo "2674"]
[BlackElo "2550"]
[TimeControl "180+1"]
[EndTime "9:27:53 PDT"]
[Termination "IMchanged won on time"]

1. d4 Nf6 2. Nc3 d5 3. Bf4 a6 4.
e3 b5 5. h4 e6 6. g4 c5 7. g5 Nfd7 8. Nf3 Nc6 9. h5 b4 10.
Ne2 a5 11. Ng3 g6 12. hxg6 fxg6 13. Bd3 Ne7 14. Ne5 Bg7 15. Nh5 Bxe5 16. dxe5 Ba6 17. Nf6+ Nxf6 18. exf6 Nf5 19. Be5 Kf7 20. e4 Bxd3 21.
Qxd3 dxe4 22. Qxe4 Qd5 23. f3 Rad8 24. Qxd5 Rxd5 25.
f4 Nd4 26. O-O-O h5 27. gxh6 Rh7 28. c3 Nf5 29. c4 Rxd1+ 30. Rxd1 Rxh6 31. Rd7+ Kf8 32. Bc7 Rh2 33. Bb6 1-0

[Event "Early-Titled-Tuesday-Blitz-April-02-2024"]
[Site "Chess.com"]
[Date "2024.04.02"]
[Round "8"]
[White "SharathRk6"]
[Black "MikeSailer"]
[Result "1-0"]
[WhiteElo "2425"]
[BlackElo "2174"]
[TimeControl "180+1"]
[EndTime "9:27:53 PDT"]
[Termination "SharathRk6 won on time"]

1. e4 d5 2. exd5 Qxd5 3. Nf3 Bg4 4. Be2 Nc6 5. Nc3 Qd7 6. O-O O-O-O 7. d3 e5 8. Be3 Nf6 9. Ne4 Nxe4 10. dxe4 Qe6 11. Qe1 f6 12. Qc3 Bd6 13. Qb3 Kb8 14. Bc4 Qc8 15. Nd2 Rhe8 16. f3 Be6 17. c3 Bxc4 18. Nxc4 Qd7 19. Rad1 Qe7 20. Rd5 g5 21. Rfd1 h5 22.
a4 g4 23. a5 gxf3 24. a6 b6 25. Qb5 Qd7 26. Nxd6 cxd6 27. Rxd6 Qxd6 28. Rxd6 Rxd6 29.
Bxb6 Ka8 30. Bc7 Rd1+ 31. Kf2 1-0

[Event "Early-Titled-Tuesday-Blitz-April-02-2024"]
[Site "Chess.com"]
[Date "2024.04.02"]
[Round "8"]
[White "ViratKohl_i"]
[Black "Suduvasachmatai"]
[Result "1-0"]
[WhiteElo "2508"]
[BlackElo "2295"]
[TimeControl "180+1"]
[EndTime "9:27:54 PDT"]
[Termination "ViratKohl_i won by resignation"]

1. Nf3 c5 2. e4 d6 3. Bb5+ Bd7 4. Bxd7+ Qxd7 5. O-O Nc6 6. c3 Nf6 7. d4 cxd4 8. cxd4 Nxe4 9. d5 Ne5 10. Re1 Nxf3+ 11.
Qxf3 Nf6 12. Nc3 g6 13. Qxf6 Rg8 14. Qf3 Bg7 15. Bg5 f6 16. Bf4 g5 17. Qh5+ Kf8 18. Bg3 h6 19. Re6 f5 20. Rae1 f4 21. Qf3 Be5 22.
h3 Ke8 23. Bh2 Rc8 24. Qh5+ Kd8 25. Qf7 Re8 26. g3 Kc7 27. gxf4 gxf4 28. Bxf4 Bf6 29. Bg3 Rf8 30. Qh5 Rg8 31. Ne4 Be5 32. Rxe5 dxe5 33.
Qxe5+ Kd8 34. d6 exd6 35. Nxd6 Rc6 36. Ne4 Re8 37. Qb8+ Rc8 38. Bh4+ Re7 39. Bxe7+ Qxe7 40. Rd1+ 1-0

[Event "Early-Titled-Tuesday-Blitz-April-02-2024"]
[Site "Chess.com"]
[Date "2024.04.02"]
[Round "8"]
[White "MrChessSponge"]
[Black "Darkdefense15"]
[Result "1-0"]
[WhiteElo "2560"]
[BlackElo "2335"]
[TimeControl "180+1"]
[EndTime "9:27:55 PDT"]
[Termination "MrChessSponge won by resignation"]

1. e4 c5 2. Nc3 a6 3. g3 b5 4. Bg2 Bb7 5. d3 e6 6. Nh3 Nc6 7. O-O d6 8. f4 Nf6 9. f5 Nd4 10. fxe6 fxe6 11. Be3 Qd7 12. Nf4 O-O-O 13. Bh3 Re8 14.
Ncd5 Kb8 15. c3 Nc6 16. a4 b4 17. cxb4 Nxb4 18. Nxb4 cxb4 19. Rc1 Rg8 20. Qb3 d5 21. e5 g5 22. exf6 gxf4 23. Bxf4+ Ka8 24. Be5 Rg5 25. d4 Bd6 26. Qe3 h6 27. f7 Rf8 28.
Bxd6 Qxd6 29. Qxe6 Qxe6 30. Bxe6 Kb8 31. Rce1 Rg7 32.
Re5 Kc7 33. Bxd5 Bxd5 34. Rxd5 Rgxf7 35. Rxf7+ Rxf7 36. Kg2 Kc6 37. Ra5 Kb6 38. Rh5 Rf6 39. a5+ Kc6 40. h4 Re6 41. d5+ 1-0

[Event "Early-Titled-Tuesday-Blitz-April-02-2024"]
[Site "Chess.com"]
[Date "2024.04.02"]
[Round "8"]
[White "JosefineHeinemann"]
[Black "viktorskliarov"]
[Result "1/2-1/2"]
[WhiteElo "2525"]
[BlackElo "2613"]
[TimeControl "180+1"]
[EndTime "9:27:58 PDT"]
[Termination "Game drawn by agreement"]

1. e4 c5 2. c3 d6 3. d4 Nf6 4.
dxc5 Nc6 5. Qd3 dxc5 6. Qxd8+ Nxd8 7. f3 e6 8. Be3 Be7 9. a4 O-O 10. Nd2 Nc6 11. Nh3 Rd8 12. Nc4 Bd7 13. Nf2 Be8 14.
Nd3 Nd7 15. Be2 f6 16. Kf2 Bf7 17. Rhd1 e5 18. Ne1 Nb6 19. Nxb6 axb6 20. Rxd8+ Rxd8 21. Rd1 Bb3 22. Rxd8+ Bxd8 23. Bb5 Kf7 24. Nd3 Ke7 25. Nc1 Be6 26. Bxc6 bxc6 27. a5 bxa5 28. Bxc5+ Kd7 29. Nd3 Bc4 30. Ke3 g6 31. g4 a4 32. Kd2 h5 33. h3 Ke6 34. Ba3 hxg4 35. hxg4 Bb6 36. Nc5+ Bxc5 37. Bxc5 f5 38. gxf5+ gxf5 39. exf5+ Kxf5 40. Ke3 1/2-1/2

[Event "Early-Titled-Tuesday-Blitz-April-02-2024"]
[Site "Chess.com"]
[Date "2024.04.02"]
[Round "8"]
[White "LornerAcosta"]
[Black "Kotofeyca"]
[Result "1-0"]
[WhiteElo "2616"]
[BlackElo "2504"]
[TimeControl "180+1"]
[EndTime "9:27:59 PDT"]
[Termination "LornerAcosta won on time"]

1. Nf3 d5 2. e3 c6 3. c4 Nf6 4. Qc2 Bg4 5. Be2 Nbd7 6. d4 e6 7. Nbd2 Bf5 8. Bd3 Bxd3 9. Qxd3 Bb4 10. O-O Qe7 11. a3 Bxd2 12. Nxd2 Nb6 13. b3 O-O 14.
Bb2 Rfd8 15. Qc2 Rac8 16. a4 Qc7 17. h3 Nbd7 18. Rac1 a6 19. Rfe1 Qb8 20. e4 dxe4 21. Nxe4 Nxe4 22. Qxe4 Qc7 23. d5 exd5 24. cxd5 Nf8 25.
dxc6 bxc6 26. h4 Ne6 27. Be5 Qd7 28. Rc3 Qd5 29. Qg4 Qd2 30. Rce3 Rd5 31. R1e2 Qd1+ 32. Kh2 h6 33. Rg3 g6 34. Qf3 Qd3 35. Qf6 Rxe5 36.
Rxe5 Qd4 37. Rxe6 1-0

[Event "Early-Titled-Tuesday-Blitz-April-02-2024"]
[Site "Chess.com"]
[Date "2024.04.02"]
[Round "8"]
[White "BashirliSaadat"]
[Black "SteinerPro12"]
[Result "1-0"]
[WhiteElo "2350"]
[BlackElo "2107"]
[TimeControl "180+1"]
[EndTime "9:27:59 PDT"]
[Termination "BashirliSaadat won on time"]

1. d4 c5 2. e3 Nf6 3. c3 d5 4.
Bd3 e6 5. Nf3 Nc6 6. O-O Qc7 7.
Re1 Bd6 8. Nbd2 O-O 9. e4 cxd4 10. cxd4 dxe4 11. Nxe4 Nxe4 12. Bxe4 f5 13. Bd3 Nb4 14. Bb1 Bd7 15. a3 Nd5 16. Ba2 Rae8 17. Bd2 Qd8 18. Rc1 Qf6 19. Bg5 Qg6 20. Bxd5 exd5 21. Qb3 Bc6 22.
Bd2 f4 23. Bb4 Bxb4 24. Qxb4 Re4 25. Rxe4 dxe4 26. Ne5 Qe6 27. Nxc6 bxc6 28. Qc5 Rd8 29. Qxa7 Qd5 30. Qe7 f3 31. g3 Qxd4 32. h4 Qd6 33. Qb7 Qd2 34. Qxc6 e3 35. Qe6+ Kh8 36. Qxe3 Qxe3 37.
fxe3 Kg8 38. Rc2 Rd3 39. Kf2 Kf7 40. Kxf3 Ke6 41. a4 Ke5 42. Rc5+ Kd6 43. b4 Rb3 44. Rb5 Ra3 45. a5 Kc6 46. Rb6+ Kc7 47. Kf4 Ra4 48.
e4 1-0

[Event "Early-Titled-Tuesday-Blitz-April-02-2024"]
[Site "Chess.com"]
[Date "2024.04.02"]
[Round "8"]
[White "CarlosjPineror"]
[Black "AlexeiShirov"]
[Result "0-1"]
[WhiteElo "2691"]
[BlackElo "2825"]
[TimeControl "180+1"]
[EndTime "9:28:01 PDT"]
[Termination "AlexeiShirov won by resignation"]

1. e4 e5 2. Nf3 Nc6 3. Bb5 a6 4.
Ba4 Nf6 5. d3 d6 6. c3 g6 7. h3 Bg7 8. O-O O-O 9. Re1 Nh5 10.
g4 Nf6 11. Bg5 Qd7 12. Nh2 h5 13. f3 Nh7 14. Be3 f5 15. Nd2 Bf6 16. Re2 hxg4 17.
hxg4 f4 18. Bf2 Ng5 19. Kg2 Qh7 20. Qh1 Qh3+ 21. Kg1 Kg7 22. Nhf1 Bxg4 23. Qxh3 Nxh3+ 24. Kg2 Bd7 25. Nh2 Rh8 26. Rh1 Nxf2 27. Rxf2 Bh3+ 28. Kg1 Bh4 29. Re2 Bg3 30. Ng4 Rh4 31. Nf2 Bxf2+ 32.
Rxf2 Rah8 33. Rfh2 g5 34. Bxc6 bxc6 35. Kf2 Kf6 36.
Nc4 Be6 37. Rxh4 gxh4 38. Na5 c5 39. c4 h3 40. Rh2 Rb8 41. Kf1 Kg5 42. Nb3 Kh4 43.
Kf2 a5 0-1

[Event "Early-Titled-Tuesday-Blitz-April-02-2024"]
[Site "Chess.com"]
[Date "2024.04.02"]
[Round "8"]
[White "Laico"]
[Black "Martial2008"]
[Result "0-1"]
[WhiteElo "2405"]
[BlackElo "2625"]
[TimeControl "180+1"]
[EndTime "9:28:04 PDT"]
[Termination "Martial2008 won on time"]

1. e4 Nf6 2. e5 Nd5 3. c4 Nb6 4. d4 d6 5. exd6 exd6 6. Bd3 Be7 7. Nc3 Nc6 8. Nge2 O-O 9. O-O Bg4 10. f3 Bh5 11. Be3 Bf6 12. b3 Re8 13. Qd2 Bg6 14.
Bxg6 hxg6 15. d5 Ne7 16. Bd4 Nf5 17. Bxf6 Qxf6 18. Ne4 Qe5 19. Rae1 Nd7 20. Kh1 Nf6 21. Nxf6+ Qxf6 22. Nc3 Kf8 23. Ne4 Qh4 24. Kg1 Re7 25.
Re2 Rae8 26. Rfe1 Qh6 27. Qd3 Re5 28. a4 a5 29. c5 dxc5 30. Qc3 b6 31. Qc4 Nd6 32.
Nxd6 Rxe2 33. Rxe2 Rxe2 34. Qxe2 Qc1+ 35. Kf2 cxd6 36. Qa6 Qd2+ 37. Kg3 Qg5+ 38. Kf2 Qd2+ 39. Kg3 Qxd5 40. Qxb6 Qg5+ 41. Kf2 Qd2+ 42. Kg3 Ke7 43. Qc7+ Ke6 44. Qc8+ Kd5 45. Qe8 Qg5+ 0-1

[Event "Early-Titled-Tuesday-Blitz-April-02-2024"]
[Site "Chess.com"]
[Date "2024.04.02"]
[Round "8"]
[White "PavelShkapenko"]
[Black "artin10862"]
[Result "1-0"]
[WhiteElo "2716"]
[BlackElo "2896"]
[TimeControl "180+1"]
[EndTime "9:28:05 PDT"]
[Termination "PavelShkapenko won by resignation"]

1. e4 e5 2. Nf3 Nc6 3. Nc3 Nf6 4. d4 exd4 5. Nxd4 Nxe4 6. Nxe4 Qe7 7. Bd3 Nxd4 8. O-O Ne6 9. Bc4 c6 10. Bxe6 dxe6 11. Qh5 Qc7 12. Bg5 e5 13. Rad1 Bf5 14.
Nf6+ gxf6 15. Bxf6 Bg6 16. Qh3 Rg8 17. Bxe5 Qc8 18.
Qg3 Be7 19. Rfe1 Kf8 20. Bf4 Rg7 21. Bh6 Qe8 22. Bxg7+ Kxg7 23. Qe5+ Bf6 24. Qxe8 Rxe8 25. Rxe8 Bxc2 26. Rd7 b6 27. Rxa7 Bxb2 28. Re2 1-0

[Event "Early-Titled-Tuesday-Blitz-April-02-2024"]
[Site "Chess.com"]
[Date "2024.04.02"]
[Round "8"]
[White "LeninGuerra"]
[Black "moro182"]
[Result "0-1"]
[WhiteElo "2723"]
[BlackElo "2893"]
[TimeControl "180+1"]
[EndTime "9:28:06 PDT"]
[Termination "moro182 won by resignation"]

1. e4 g6 2. d4 Bg7 3. Nf3 d6 4. Nc3 Nf6 5. Be2 O-O 6. O-O a6 7. a4 Nc6 8. Re1 e5 9. dxe5 dxe5 10. Qxd8 Rxd8 11. Bg5 Be6 12. Rad1 Nd4 13. Nxd4 exd4 14. Bxf6 Bxf6 15. Nd5 Be5 16. Nb4 c5 17. Nd5 g5 18.
Nb6 Rab8 19. Bc4 Bc7 20. Bxe6 fxe6 21. Nc4 b5 22. axb5 axb5 23. Nd2 g4 24. e5 Rd5 25.
Re4 h5 26. Rde1 Ra8 27. f4 Ra2 28. Rb1 c4 29. Re2 Bb6 30. Kf1 d3 31. cxd3 Rxd3 32. Ne4 Kg7 33. Ke1 Kg6 34. g3 h4 35. Rd2 Ba5 36. Ke2 Bxd2 37. Nxd2 hxg3 38. hxg3 Rxg3 39. Ne4 Rb3 40. Nf2 Raxb2+ 41. Rxb2 Rxb2+ 42. Ke3 Rxf2 43. Kxf2 Kf5 44. Kg3 c3 0-1

[Event "Early-Titled-Tuesday-Blitz-April-02-2024"]
[Site "Chess.com"]
[Date "2024.04.02"]
[Round "8"]
[White "AsaHoffmann"]
[Black "AlexanderKing"]
[Result "1-0"]
[WhiteElo "2413"]
[BlackElo "2598"]
[TimeControl "180+1"]
[EndTime "9:28:06 PDT"]
[Termination "AsaHoffmann won on time"]

1. d4 d5 2. Bg5 Nd7 3. c4 c6 4. cxd5 cxd5 5. Nc3 Ngf6 6. e3 e6 7. Bd3 Be7 8. f4 b6 9. Nf3 Bb7 10. O-O Ne4 11. Bxe7 Qxe7 12. Bxe4 dxe4 13. Ne5 O-O 14.
Rc1 Rac8 15. Qb3 Nf6 16. h3 Nd5 17. Nxd5 Bxd5 18. Qa4 f6 19. Ng4 h5 20. Nf2 Qb7 21.
b3 a5 22. Qa3 Qd7 23. Rxc8 Rxc8 24. Rc1 Kh7 25. Qb2 Rc6 26. g4 hxg4 27. hxg4 Qc7 28. Rxc6 Qxc6 29. Kg2 Kg8 30. Nd1 Qb5 31. Kf2 Qd3 32. Qe2 Qb1 33. Kg2 Qc1 34. Nf2 Qc6 35. g5 fxg5 36. fxg5 Qd6 37. Qh5 Qe7 38. g6 Qf6 39. Nh3 Kf8 40. Nf4 Ke7 41. Qxd5 exd5 42. Nxd5+ Ke6 43. Nxf6 Kxf6 44. Kg3 1-0